 Dungeon Crawl Stone Soup version 0.17-a0-1446-gc28613e (webtiles) character file.

59 sugabear the Sneak (level 4, -2/21 HPs)
             Began as a Vine Stalker Enchanter on June 28, 2015.
             Slain by a gnoll
             ... wielding a cursed -3 spear
              (6 damage)
             ... on level 3 of the Dungeon.
             The game lasted 00:03:26 (1263 turns).

sugabear the Sneak (Vine Stalker Enchanter)         Turns: 1263, Time: 00:03:26

Health: -2/21      AC:  3    Str: 10    XL:     4   Next: 3%
Magic:  0/8        EV: 12    Int: 15    God:
Gold:   101        SH:  0    Dex: 16    Spells: 2 memorised, 5 levels left

rFire  . . .     SeeInvis .     a - +1 dagger
rCold  . . .     Clarity  .     b - +1 robe
rNeg   . . .     SustAt   .     (no shield)
rPois  .         Gourm    .     (no helmet)
rElec  .         Spirit   +     (no cloak)
rCorr  .         Warding  .     (no gloves)
rMut   .         Stasis   .     (no boots)
MR     .....                    (no amulet)
Stlth  +++.......               (no ring)
                                (no ring)

@: starving, not resistant to hostile enchantments, fairly stealthy
A: fangs 2, regeneration 1, magic shield, antimagic bite, no device heal 3, rot
immunity
a: no special abilities


You were on level 3 of the Dungeon.
You were starving.

You visited 1 branch of the dungeon, and saw 3 of its levels.

You collected 101 gold pieces.

Inventory:

Hand weapons
 a - a +1 dagger (weapon)
Armour
 b - a +1 robe (worn)
Scrolls
 e - a scroll of fog {unknown}
 i - 4 scrolls of identify {unknown}
 k - 2 scrolls of random uselessness {unknown}
 l - a scroll of remove curse {unknown}
 n - a scroll of teleportation {unknown}
 o - a scroll of amnesia {unknown}
Potions
 h - a potion of flight {unknown}
 j - 3 potions of brilliance {unknown}
 p - a potion of curing {unknown}
Books
 c - a book of Maledictions

   Spells                             Type                      Level
   a - Corona                         Hexes                        1
   b - Ensorcelled Hibernation        Hexes/Ice                    2
   c - Confuse                        Hexes                        3
   d - Tukima's Dance                 Hexes                        3
   e - Dazzling Spray                 Conjuration/Hexes            3
Comestibles
 d - 4 bread rations
 f - a beef jerky
 g - 5 fruits
 m - 3 meat rations
 q - a royal jelly


   Skills:
 + Level 0.1 Fighting
 + Level 1.1 Short Blades
 + Level 1.7 Dodging
 * Level 4.9 Stealth
 + Level 2.5 Spellcasting
 + Level 3.5 Hexes


You had 5 spell levels left.
You knew the following spells:

 Your Spells              Type           Power        Failure   Level  Hunger
a - Corona                Hex            ##.....      6%          1    #......
b - Ensorcelled Hibernat  Hex/Ice        #.....       17%         2    ###....


Dungeon Overview and Level Annotations

Branches:
Dungeon (3/15)

Altars:
Kikubaaqudgha
Qazlal


Innate Abilities, Weirdness & Mutations

You have extremely sharp teeth.
Your natural rate of healing is unusually fast.
When hurt, damage is shared between your health and your magic reserves.
Your bite disrupts and absorbs the magic of your enemies.
Potions and wands cannot restore your health.
You are immune to rotting.


Message History

You hit the gnoll but do no damage. Your bite misses the gnoll.
The gnoll is severely wounded.
The gnoll barely misses you.
You closely miss the gnoll. You bite the gnoll. You drain its power.
You feel invigorated.
The gnoll is severely wounded.
The gnoll barely misses you.
You hit the gnoll but do no damage. You bite the gnoll, but do no damage.
The gnoll is severely wounded.
The gnoll completely misses you.
You hit the gnoll but do no damage.
The gnoll is severely wounded.
The gnoll hits you with an enchanted spear!
* * * LOW HITPOINT WARNING * * *
You barely miss the gnoll. Your bite misses the gnoll.
The gnoll is severely wounded.
You hit the gnoll.
The gnoll is severely wounded.
The gnoll hits you with an enchanted spear!
You die...

#.##########.##...#
#.### #.##...#
#...########.##...#
###..........##...#
#.######....#...# #.#
##..#.#...# #.#
###†..#.....#
#.###...#####...#
#..g@)#...#....###.##
#.######g.#..#......g
#.# #....#.####g##
#.# #.#.###.#
#.######..## #.#
#.....<....# ##
###########.# #.# .#


You could see a gnoll.

Vanquished Creatures
  2 gnolls (D:3)
  A ball python (D:1)
  6 bats
  2 giant cockroaches (D:1)
  5 goblins
  6 hobgoblins
  2 quokkas (D:3)
  A giant gecko (D:2)
  2 giant newts
  5 kobolds
  8 rats
40 creatures vanquished.

Notes
Turn   | Place    | Note
--------------------------------------------------------------
     0 | D:1      | sugabear the Vine Stalker Enchanter began the quest for the Orb.
     0 | D:1      | Reached XP level 1. HP: 9/9 MP: 4/4
    89 | D:1      | Reached skill level 4 in Stealth
    89 | D:1      | Reached XP level 2. HP: 13/13 MP: 6/6
   345 | D:1      | Learned a level 2 spell: Ensorcelled Hibernation
   464 | D:1      | Reached skill level 1 in Short Blades
   727 | D:2      | Found an ancient bone altar of Kikubaaqudgha.
   755 | D:2      | Reached XP level 3. HP: 16/16 MP: 2/7
   762 | D:2      | Found a stormy altar of Qazlal.
  1181 | D:3      | Reached XP level 4. HP: 7/21 MP: 0/8
  1263 | D:3      | Slain by a gnoll

Vault maps used:
D:1:      scummos_arrival_simple_crosswalls
D:2:      nicolae_overflow_hidden_temple, lemuel_round_altar,
          minmay_goblin_kobold_house
D:3:      gammafunk_temple_overflow_wave, first_bread, uniq_sigmund

Action                   |  1- 3 |  4- 6 || total
-------------------------+-------+-------++-------
Melee: Dagger            |    95 |    17 ||   112
 Cast: Ensorcelled Hiber |    10 |     4 ||    14
 Stab: Sleeping          |    17 |       ||    17
